 Dungeon Crawl Stone Soup version 0.30-a0-297-g0ec75d9ef4 (webtiles) character file.

Game seed: 9568476708077447547

69 Kinoniko the Chopper (level 4, 0/39 HPs)
             Began as a Hill Orc Berserker on Oct 18, 2022.
             Was a Believer of Trog.
             Succumbed to a kobold's poison
             ... on level 2 of the Dungeon.
             The game lasted 00:01:20 (1040 turns).

Kinoniko the Chopper (Hill Orc Berserker)           Turns: 1040, Time: 00:01:21

Health: 0/39       AC:  6    Str: 21    XL:     4   Next: 20%
Magic:  4/4        EV: 11    Int:  7    God:    Trog [**....]
Gold:   72         SH:  0    Dex: 10    Spells: 3/3 levels left

rFire   . . .      SeeInvis .    a - +0 hand axe
rCold   . . .      Faith    .    (no shield)
rNeg    . . .      Spirit   .    e - +0 ring mail
rPois   .          Reflect  .    d - +0 helmet
rElec   .          Harm     .    (no cloak)
rCorr   .          Rampage  .    (no gloves)
Will    .....                    (no boots)
Stlth   ..........               (no amulet)
HPRegen 0.26/turn                (no ring)
MPRegen 0.09/turn                (no ring)

@: lethally poisoned (0 -> -9), on berserk cooldown, attractive, slowed, very
slow
A: no striking features
a: Renounce Religion, Berserk, Trog's Hand


You were on level 2 of the Dungeon.
You worshipped Trog.
Trog was pleased with you.
You visited 1 branch of the dungeon, and saw 2 of its levels.

You collected 72 gold pieces.

Inventory:

Hand Weapons
 a - a +0 hand axe (weapon)
Armour
 b - a +0 animal skin
 d - a +0 helmet (worn)
 e - a +0 ring mail (worn)
Scrolls
 c - a scroll of identify {unknown}
 f - 3 scrolls of immolation {unknown}
 g - a scroll of poison {unknown}


   Skills:
 - Level 3.6 Fighting
 * Level 6.5 Axes
 - Level 2.1 Armour
 - Level 1.5 Dodging


You had 3 spell levels left.
You didn't know any spells.
Your spell library was empty.

Dungeon Overview and Level Annotations

Branches:
Dungeon (2/15)

Altars:


Message History

The hobgoblin shouts!
You hear a shout!
The kobold hits you with a +0 short sword of venom.
You are poisoned.
A goblin comes into view. It is wielding a +0 club.
You barely miss the kobold.
You feel very sick.
The goblin no longer looks unusually strong.
The kobold hits you with a +0 short sword of venom.
You closely miss the hobgoblin. You closely miss the kobold.
You feel sick. The kobold closely misses you. The hobgoblin hits you.
The kobold hits you with a +0 short sword of venom.
You are more poisoned.
You are too injured to fight recklessly!
You are too injured to fight recklessly!
You are too injured to fight recklessly!
Unknown command.
You closely miss the kobold. You hit the hobgoblin.
You closely miss the goblin.
You feel very sick.
The kobold hits you with a +0 short sword of venom.
* * * LOW HITPOINT WARNING * * *
You are lethally poisoned!
The hobgoblin hits you.
* * * LOW HITPOINT WARNING * * *
The goblin barely misses you.
Unknown command.
It was a potion of attraction.
You feel attractive to monsters.
* * * LOW HITPOINT WARNING * * *
You feel very sick.
The hobgoblin no longer looks unusually strong.
The kobold barely misses you.
The hobgoblin hits you but does no damage.
The goblin hits you but does no damage. The goblin completely misses you.
The hobgoblin misses you. The kobold closely misses you.
You hit the kobold.
You kill the kobold!
Trog accepts your kill.
You closely miss the hobgoblin. You barely miss the goblin.
You die... ######.#.....#.##.# .#...# .^...#.#..........# P.PPPPP

###..........#.####
#.#.#.#.##..#.#####PPP.
#.##.#.......#.)........
#. #.....##.####.##.PPPP
# ###..###.####)##.P...
#.###.####.#..)))..PP
#.........#.#g@##.P...
########### #g)#


P.PP #... ... #.##. PP #. .. .. .. ## .## # You could see a hobgoblin and a
goblin.

Vanquished Creatures
  Robin (D:2)
  An adder (D:2)
  2 dart slugs (D:1)
  6 ball pythons
  2 giant cockroaches (D:1)
  8 goblins
  6 hobgoblins
  3 jackals (D:2)
  4 frilled lizards
  4 kobolds
  5 rats (D:1)
42 creatures vanquished.

Notes
Turn   | Place    | Note
-------+----------+-------------------------------------------
     0 | D:1      | Kinoniko the Hill Orc Berserker began the quest for the
                  | Orb.
     0 | D:1      | Reached XP level 1. HP: 19/19 MP: 1/1
    39 | D:1      | You fall into a shaft and drop 1 floor!
    55 | D:2      | Reached XP level 2. HP: 4/26 MP: 2/2
   171 | D:2      | Reached skill level 5 in Axes
   360 | D:1      | Reached XP level 3. HP: 31/31 MP: 3/3
   763 | D:1      | Reached ** piety under Trog
   944 | D:2      | Reached skill level 6 in Axes
  1017 | D:2      | Noticed Robin
  1029 | D:2      | Reached XP level 4. HP: 39/39 MP: 4/4
  1031 | D:2      | Killed Robin
  1040 | D:2      | Succumbed to a kobold's poison

Illustrated notes

Levels and vault maps discovered:
D:1:      scummos_arrival_checkerplants, layout_loops_ring,
          minmay_large_rounded_square, dreamdust_princess_bridge
D:2:      layout_loops_cross, minmay_hedge_maze, kennysheep_generic_room_9,
          uniq_robin

Skill      XL: |  1  2  3 |
---------------+----------+-----
Axes           | 5 6 |  6.5
Fighting       | |  3.6
Armour         | |  2.1
Dodging        | |  1.5

Action                   |  1- 3 |  4- 6 || total
-------------------------+-------+-------++-------
Melee: Hand axe          |    99 |     7 ||   106
Invok: Berserk           |     2 |       ||     2
  Use: Potion            |       |     1 ||     1
Armor: Animal skin       |     1 |       ||     1
       Ring mail         |    16 |     3 ||    19
Dodge: Dodged            |    49 |     7 ||    56

Table legend: (Time is in decaauts)
 A = Elapsed time spent in this place.
 B = Non-inter-level travel time spent in this place.
 C = Inter-level travel time spent in this place.
 D = Time resting spent in this place.
 E = Time spent auto-exploring this place.
 F = Levels seen in this place.
 G = Mean time per level.
                   A        B        C        D        E       F      G
               +--------+--------+--------+--------+--------+-----+--------+
         Total |   1053 |   1018 |     35 |     52 |    734 |   2 |  526.5 |
       Dungeon |   1053 |   1018 |     35 |     52 |    734 |   2 |  526.5 |
               +--------+--------+--------+--------+--------+-----+--------+

Top non-repeatable levels by time:
     D:1: 653 daAuts
     D:2: 399 daAuts
